[Event "Titled Tuesday Blitz March 08 Late 2022"]
[White "Tari, Aryan"]
[Black "Leiva, Gianmarco"]
[WhiteFideId "1510045"]
[BlackFideId "3804399"]
[WhiteElo "2567"]
[BlackElo "2311"]
[Result "1-0"]
[Round "03"]
[TimeControl "180+1"]
[Date "2022.03.08"]
[WhiteClock "0:00:21"]
[BlackClock "0:00:02"]

1. Nc3 d5 2. Nf3 Nf6 3. g3 c6 4. Bg2 Bf5 5. d4 h6 6. O-O e6 7. Nd2 Bb4 8. e4 Bxc3 9. exf5 Bxd2 10. Bxd2 exf5 11. Re1+ Kf8 12. Bb4+ Kg8 13. Be7 Qd7 14. Bxf6 gxf6 15. Qh5 Kg7 16. Bh3 Re8 17. Bxf5 Qd8 18. Kf1 Na6 19. Rxe8 Qxe8 20. Re1 Qf8 21. Qg4+ Kh8 22. Qf4 c5 23. c3 cxd4 24. cxd4 Nb4 25. Bb1 Nc6 26. Qf5 Qg7 27. Qxd5 Rd8 28. Qe4 Rxd4 29. Qe8+ Qg8 30. Qe3 Kg7 31. Qf3 Ne5 32. Qf5 Ng6 33. h4 Qd8 34. h5 Rd5 35. Qf3 Nf8 36. Kg2 Ne6 37. Be4 Ng5 38. Qg4 Rd4 39. Qf5 Nxe4 40. Rxe4 Qd5 41. Qxd5 Rxd5 42. Re7 Rxh5 43. Rxb7 Ra5 44. a3 h5 45. Kh3 Kg6 46. f4 Ra4 47. Kh4 Ra5 48. Rb8 Ra6 49. Rg8+ Kh7 50. Rf8 Kg7 51. Rb8 Kg6 52. Rb5 Rc6 53. Rxh5 Rc2 54. Rb5 f5 55. Kh3 a5 56. b3 Rb2 57. a4 f6 58. Rb7 Rb1 59. Kg2 Rb2+ 60. Kf3 Rc2 61. Rb5 Rc3+ 62. Kg2 Rd3 63. Kh3 Rc3 64. Kh4 Rc1 65. Kh3 Rc3 66. Rxa5 Rxb3 67. Rb5 Ra3 68. a5 Ra1 69. Kg2 Ra2+ 70. Kf3 Ra3+ 71. Kf2 Ra2+ 72. Ke3 Ra3+ 73. Kd4 Rxg3 74. Kc5 Ra3 75. Kb4 Ra1 76. Rc5 1-0


[Site "https://www.chess.com"]

[Event "Titled Tuesday Blitz March 08 Late 2022"]
[White "Thavandiran, Shiyam"]
[Black "Ishbaev, Alibek"]
[WhiteFideId "2605058"]
[BlackFideId "14205017"]
[WhiteElo "2357"]
[BlackElo "2340"]
[Result "1-0"]
[Round "03"]
[TimeControl "180+1"]
[Date "2022.03.08"]
[WhiteClock "0:00:55"]
[BlackClock "0:00:47"]

1. e4 e5 2. Bc4 g6 3. d4 exd4 4. Qxd4 Qf6 5. e5 Qb6 6. Qd5 Qe6 7. Qe4 Nf6 8. Qe2 d5 9. Bb3 Ng4 10. Nf3 Bc5 11. O-O Nc6 12. Nc3 Ngxe5 13. Nxd5 Nxf3+ 14. Qxf3 Nd4 15. Nxc7+ Kd7 16. Bxe6+ Kxc7 17. Qxf7+ Kb6 18. Bxc8 Raxc8 19. Be3 1-0


[Site "https://www.chess.com"]

[Event "Titled Tuesday Blitz March 08 Late 2022"]
[White "Tristan, Leonardo"]
[Black "Melkumyan, Hrant"]
[WhiteFideId "113816"]
[BlackFideId "13302485"]
[WhiteElo "2404"]
[BlackElo "2604"]
[Result "1-0"]
[Round "03"]
[TimeControl "180+1"]
[Date "2022.03.08"]
[WhiteClock "0:00:30"]
[BlackClock "0:00:03"]

1. e4 c6 2. d4 d5 3. exd5 cxd5 4. Bf4 Nf6 5. Nf3 Nc6 6. Nbd2 Bg4 7. c3 e6 8. Qb3 Qc8 9. Bd3 Be7 10. O-O O-O 11. Rae1 a6 12. Ne5 Bh5 13. Qc2 Bg6 14. Re3 Bxd3 15. Qxd3 g6 16. Bg5 Qc7 17. Rfe1 Rfe8 18. Rf3 Nxe5 19. dxe5 Nd7 20. Bxe7 Rxe7 21. Qd4 Rc8 22. Qh4 Nf8 23. Rf4 Qd8 24. Nf3 Rec7 25. Qh6 Rc4 26. Nd4 b5 27. a3 Rb8 28. h4 a5 29. h5 b4 30. axb4 axb4 31. Re3 bxc3 32. bxc3 Rbc8 33. Rh3 Rxc3 34. hxg6 Rxh3 35. gxf7+ Kh8 36. Qxh3 Qg5 37. Rg4 Rc1+ 38. Kh2 Qxe5+ 39. f4 Qg7 40. Rxg7 Kxg7 1-0


[Site "https://www.chess.com"]

[Event "Titled Tuesday Blitz March 08 Late 2022"]
[White "Urbina Perez, Juan Antonio"]
[Black "Jacobson, Brandon"]
[WhiteFideId "2217368"]
[BlackFideId "30901561"]
[WhiteElo "2192"]
[BlackElo "2362"]
[Result "0-1"]
[Round "03"]
[TimeControl "180+1"]
[Date "2022.03.08"]
[WhiteClock "0:00:52"]
[BlackClock "0:00:39"]

1. e4 c5 2. Nf3 d6 3. Bb5+ Bd7 4. Bxd7+ Nxd7 5. O-O Ngf6 6. Qe2 e6 7. b3 g6 8. Bb2 Bg7 9. c4 O-O 10. Nc3 Ng4 11. h3 Nge5 12. Nxe5 Nxe5 13. f4 Nc6 14. Rab1 Nd4 15. Qd3 f5 16. Ne2 Nxe2+ 17. Qxe2 Bxb2 18. Rxb2 Qf6 19. d3 Qd4+ 20. Kh1 Rf6 21. Rd2 Raf8 22. e5 dxe5 23. Qxe5 Rd8 24. Re1 b6 25. Qxd4 Rxd4 26. g3 Kf7 27. Kg2 Ke7 28. Kf3 Rf8 29. Re3 Kf6 30. Ke2 h6 31. Kd1 g5 32. fxg5+ hxg5 33. Rde2 Rd6 34. Kc2 Rh8 35. Rh2 e5 36. Kc3 g4 37. h4 f4 38. gxf4 exf4 39. Re4 Kf5 40. h5 Rd4 41. Re7 g3 42. Rh1 g2 43. Rg1 f3 44. Rf7+ Kg4 45. Rg7+ Kf4 46. Kd2 Rhd8 47. Rf7+ Kg3 0-1


[Site "https://www.chess.com"]

[Event "Titled Tuesday Blitz March 08 Late 2022"]
[White "Van Foreest, Jorden"]
[Black "Wagner, Dennis"]
[WhiteFideId "1039784"]
[BlackFideId "24650684"]
[WhiteElo "2609"]
[BlackElo "2355"]
[Result "1-0"]
[Round "03"]
[TimeControl "180+1"]
[Date "2022.03.08"]
[WhiteClock "0:00:53"]
[BlackClock "0:00:41"]

1. e4 e5 2. Bc4 Nf6 3. d3 Bc5 4. Nf3 d6 5. O-O Nc6 6. Nc3 a6 7. Ne2 Ba7 8. Ng3 Na5 9. Bb3 Nxb3 10. axb3 O-O 11. Bg5 h6 12. Bh4 Kh7 13. Nh5 Bg4 14. Nxf6+ gxf6 15. h3 Be6 16. Kh2 Rg8 17. d4 Rg6 18. dxe5 dxe5 19. Qxd8 Rxd8 20. Nxe5 Rxg2+ 21. Kxg2 Rg8+ 22. Ng4 h5 23. f3 f5 24. exf5 Bxf5 25. c4 hxg4 26. hxg4 Bc2 27. Rfe1 Bxb3 28. Rac1 f5 29. Re7+ Kh6 30. g5+ Kh5 31. Rh7+ Kg6 32. Rxc7 Be3 33. Rc3 Bf4 34. Rxb7 Ba4 35. Rb6+ Kg7 36. Rxa6 Rh8 37. Bg3 1-0


[Site "https://www.chess.com"]

[Event "Titled Tuesday Blitz March 08 Late 2022"]
[White "Vargas, Gabriela"]
[Black "Svicevic, Rastko"]
[WhiteFideId "3700860"]
[BlackFideId "916315"]
[WhiteElo "2071"]
[BlackElo "2132"]
[Result "1-0"]
[Round "03"]
[TimeControl "180+1"]
[Date "2022.03.09"]
[WhiteClock "0:00:17"]
[BlackClock "0:00:01"]

1. d4 d5 2. c4 e6 3. Nf3 c6 4. e3 f5 5. Bd3 Nf6 6. Qc2 Ne4 7. Nbd2 Bd6 8. Ne5 Nd7 9. Ndf3 O-O 10. O-O Qe7 11. b3 a5 12. a3 g5 13. cxd5 exd5 14. Nxc6 bxc6 15. Qxc6 Rb8 16. Qxd5+ Kh8 17. Bxe4 Bb7 18. Qxb7 Rxb7 19. Bxb7 g4 20. Nd2 Qh4 21. g3 Qh3 22. Bg2 Qh5 23. Bb2 Rf6 24. Nc4 Rh6 25. Rfd1 Qxh2+ 26. Kf1 Bxg3 27. fxg3 Qxg3 28. d5+ Kg8 29. Rac1 f4 30. exf4 Qxf4+ 31. Kg1 g3 32. Rc2 Rh2 33. d6 Nc5 34. Bd5+ Kf8 35. Rxh2 gxh2+ 36. Kh1 Qg3 37. Rf1+ Ke8 38. Ne5 1-0


[Site "https://www.chess.com"]

[Event "Titled Tuesday Blitz March 08 Late 2022"]
[White "Vine, Elzbieta"]
[Black "Vifleemskaia, Svetlana"]
[WhiteFideId "1119320"]
[BlackFideId "4129490"]
[WhiteElo "1822"]
[BlackElo "1901"]
[Result "0-1"]
[Round "03"]
[TimeControl "180+1"]
[Date "2022.03.09"]
[WhiteClock "0:00:05"]
[BlackClock "0:01:04"]

1. e4 e5 2. Nf3 Nc6 3. Bb5 a6 4. Ba4 Nf6 5. O-O Be7 6. c3 Nxe4 7. Re1 Nf6 8. Nxe5 Nxe5 9. Rxe5 O-O 10. d4 d6 11. Re3 d5 12. Bc2 Bg4 13. Qd3 Bh5 14. f4 Ne4 15. Nd2 Bg6 16. Nxe4 Bxe4 17. Rxe4 dxe4 18. Qxe4 g6 19. f5 Bf6 20. fxg6 hxg6 21. Bh6 Bg7 22. Qe3 Qd6 23. Rf1 Rae8 24. Qg5 Qe6 25. Bxg7 Kxg7 26. Qc5 Qe7 27. Qd5 c6 28. Qa5 Qe3+ 29. Kh1 Qe2 30. Kg1 Qxc2 31. Qg5 Re6 32. h4 Qe2 33. Rf2 Qe1+ 34. Rf1 Qe3+ 35. Kh1 Qxg5 0-1


[Site "https://www.chess.com"]

[Event "Titled Tuesday Blitz March 08 Late 2022"]
[White "Warakomska, Anna"]
[Black "Gerbelli Neto, Eduardo"]
[WhiteFideId "1130790"]
[BlackFideId "2103281"]
[WhiteElo "2062"]
[BlackElo "2178"]
[Result "1-0"]
[Round "03"]
[TimeControl "180+1"]
[Date "2022.03.09"]
[WhiteClock "0:00:16"]
[BlackClock "0:00:04"]

1. e4 e5 2. Nf3 Nc6 3. Bb5 a6 4. Ba4 d6 5. O-O Bg4 6. c3 Qf6 7. d3 Ne7 8. Nbd2 Ng6 9. Re1 Nf4 10. Nf1 Nh3+ 11. gxh3 Bxf3 12. Qd2 Be7 13. Ng3 h5 14. Bd1 Rh6 15. Bxf3 Qxf3 16. Qe2 Qxe2 17. Rxe2 Rg6 18. Kh1 h4 19. Nf5 Bf6 20. Be3 Ne7 21. Nxe7 Kxe7 22. Rg1 Rxg1+ 23. Kxg1 g5 24. f3 Ke6 25. Rg2 Rg8 26. Kf2 c6 27. d4 exd4 28. cxd4 d5 29. e5 Be7 30. f4 Kf5 31. Rg4 Rg6 32. fxg5 Bxg5 33. Bxg5 Rxg5 34. Rxh4 c5 35. dxc5 Kxe5 36. Rb4 Rf5+ 37. Kg3 d4 38. Rxb7 Kd5 39. b4 a5 40. Rd7+ Kc4 41. c6 axb4 42. c7 Rc5 43. Rxf7 d3 44. Rd7 Kc3 45. h4 d2 46. h5 Kc2 47. h6 d1=Q 48. Rxd1 Kxd1 49. h7 Rc3+ 50. Kg4 Rc4+ 51. Kf5 Rc5+ 52. Ke4 Rxc7 53. h8=Q Rc2 54. Qd4+ Kc1 55. Qxb4 1-0


[Site "https://www.chess.com"]

[Event "Titled Tuesday Blitz March 08 Late 2022"]
[White "Wieczorek, Oskar"]
[Black "Indjic, Aleksandar"]
[WhiteFideId "1133950"]
[BlackFideId "911925"]
[WhiteElo "2319"]
[BlackElo "2616"]
[Result "0-1"]
[Round "03"]
[TimeControl "180+1"]
[Date "2022.03.08"]
[WhiteClock "0:00:04"]
[BlackClock "0:00:55"]

1. e4 c6 2. d4 d5 3. Nd2 dxe4 4. Nxe4 Nf6 5. Nxf6+ exf6 6. Be2 Bd6 7. Bf3 O-O 8. Ne2 Nd7 9. O-O Re8 10. c4 Nf8 11. c5 Bc7 12. Be3 Ng6 13. d5 cxd5 14. Bxd5 Rb8 15. Qb3 Be6 16. Rfd1 Bxd5 17. Rxd5 Qe7 18. Rad1 Ne5 19. h3 g6 20. Qa4 a6 21. Nc3 Qe6 22. R5d4 Nc6 23. Re4 Qf5 24. Nd5 Be5 25. b3 Kg7 26. f3 g5 27. Qc4 h5 28. Qe2 Bg3 29. Bf2 Bxf2+ 30. Kxf2 Red8 31. Ne3 Qxc5 32. Rc4 Qa5 33. Rxd8 Rxd8 34. Kg3 Qe5+ 35. f4 gxf4+ 36. Rxf4 Qg5+ 0-1


[Site "https://www.chess.com"]

[Event "Titled Tuesday Blitz March 08 Late 2022"]
[White "Xiong, Jeffery"]
[Black "Derraugh, Geordie"]
[WhiteFideId "2047640"]
[BlackFideId "2603950"]
[WhiteElo "2727"]
[BlackElo "2116"]
[Result "1-0"]
[Round "03"]
[TimeControl "180+1"]
[Date "2022.03.08"]
[WhiteClock "0:00:41"]
[BlackClock "0:00:12"]

1. e4 e5 2. Nf3 Nc6 3. Nc3 Nf6 4. d4 exd4 5. Nxd4 Bb4 6. Nxc6 bxc6 7. Bd3 O-O 8. O-O Re8 9. Qf3 d5 10. exd5 cxd5 11. h3 c6 12. Bf4 Be6 13. Rad1 Qb6 14. Ne2 Bc5 15. b3 Ne4 16. Bxe4 dxe4 17. Qg3 Qa6 18. Be5 Bf8 19. Nf4 Bf5 20. Nh5 Bg6 21. Nf4 Rxe5 22. Nxg6 Ra5 23. Nxf8 Rxf8 24. a4 Rc5 25. Rd2 Qc8 26. Rfd1 Qe6 27. Rd8 g6 28. c4 Re5 29. R8d6 Qe8 30. Rd8 Qe6 31. Qe3 Rxd8 32. Rxd8+ Kg7 33. Qxa7 e3 34. fxe3 Rxe3 35. Qd4+ Kh6 36. Qf4+ g5 37. Qd4 Re4 38. Qd6 Re1+ 39. Kh2 Rb1 40. Qxe6+ fxe6 41. Rb8 Kg6 42. a5 Kf6 43. b4 Ke5 44. a6 Ra1 45. b5 cxb5 46. cxb5 Kd6 47. Rc8 Ra5 48. b6 Rxa6 49. b7 Rb6 50. b8=Q+ 1-0


[Site "https://www.chess.com"]

[Event "Titled Tuesday Blitz March 08 Late 2022"]
[White "Xu, Yi"]
[Black "Maze, Sebastien"]
[WhiteFideId "8605564"]
[BlackFideId "613762"]
[WhiteElo "2471"]
[BlackElo "2430"]
[Result "0-1"]
[Round "03"]
[TimeControl "180+1"]
[Date "2022.03.08"]
[WhiteClock "0:00:07"]
[BlackClock "0:00:32"]

1. e4 c5 2. Nf3 Nc6 3. Bb5 g6 4. O-O Bg7 5. Re1 Nf6 6. c3 a6 7. Bf1 d5 8. e5 Nd7 9. d4 e6 10. Be3 b6 11. Qd2 h6 12. h4 Bb7 13. Na3 Qc7 14. Nc2 O-O-O 15. b4 c4 16. Bf4 Ne7 17. a4 Nf5 18. g3 Kb8 19. Ne3 Nxe3 20. Qxe3 Rdg8 21. Kg2 Bf8 22. Be2 Rh7 23. Rh1 Rgh8 24. Qd2 Be7 25. Rag1 Bc6 26. Bd1 Kb7 27. Bc2 h5 28. Bg5 Qd8 29. Bxe7 Qxe7 30. Ng5 Rg7 31. Re1 Nf8 32. b5 Bd7 33. bxa6+ Kxa6 34. Rb1 Nh7 35. Rb4 Nxg5 36. hxg5 Rb8 37. Qf4 Bc6 38. g4 hxg4 39. Qxg4 Rgg8 40. Qg3 Rh8 41. Rxh8 Rxh8 42. f4 Rh7 43. Bd1 Qf8 44. Be2 Qh8 45. Bd1 Rh1 46. Be2 Ra1 47. Kf2 Qh1 48. Qg2 Qe1+ 49. Kf3 Qxc3+ 50. Kg4 Qxb4 0-1


[Site "https://www.chess.com"]

[Event "Titled Tuesday Blitz March 08 Late 2022"]
[White "Yeshchenko, Uliana"]
[Black "Levin, Anthony"]
[WhiteFideId "14187272"]
[BlackFideId "30940680"]
[WhiteElo "1881"]
[BlackElo "1871"]
[Result "0-1"]
[Round "03"]
[TimeControl "180+1"]
[Date "2022.03.09"]
[WhiteClock "0:01:53"]
[BlackClock "0:01:40"]

1. d4 Nf6 2. c4 g6 3. Nc3 d5 4. cxd5 Nxd5 5. e4 Nxc3 6. bxc3 Bg7 7. Nf3 c5 8. Rb1 O-O 9. Be2 cxd4 10. cxd4 Qa5+ 11. Bd2 Qxa2 12. O-O Bg4 13. e5 Nc6 14. Rxb7 Bxf3 15. Bxf3 Nxd4 16. Bf4 Nxf3+ 17. Qxf3 e6 18. h4 h5 19. Rfb1 a5 20. Qe3 a4 21. Bg5 Qd5 22. Bf6 a3 23. R7b5 a2 0-1


[Site "https://www.chess.com"]

[Event "Titled Tuesday Blitz March 08 Late 2022"]
[White "Zakharov, Alexander S."]
[Black "Pourramezanali, Amirreza"]
[WhiteFideId "4120132"]
[BlackFideId "12511412"]
[WhiteElo "2417"]
[BlackElo "2376"]
[Result "0-1"]
[Round "03"]
[TimeControl "180+1"]
[Date "2022.03.09"]
[WhiteClock "0:00:01"]
[BlackClock "0:01:15"]

1. e4 c5 2. c3 Nf6 3. e5 Nd5 4. d4 cxd4 5. Nf3 d6 6. cxd4 Nc6 7. Bc4 dxe5 8. Bxd5 Qxd5 9. Nc3 Qd8 10. d5 Nb8 11. Nxe5 Nd7 12. Qa4 g6 13. O-O Bg7 14. Re1 O-O 15. Bf4 Nb6 16. Qa5 Bf5 17. Rad1 Rc8 18. Qxa7 Bxe5 19. Bxe5 Nc4 20. Qxb7 Nxe5 21. Rxe5 Rb8 22. Qxe7 Rxb2 23. d6 Qb6 24. Rf1 Bd3 25. Nd5 Qd4 26. Qf6 h6 27. Ne7+ Kh7 28. Nxg6 Bxg6 29. d7 Qxd7 30. Re7 Qb5 0-1


[Site "https://www.chess.com"]

[Event "Titled Tuesday Blitz March 08 Late 2022"]
[White "Zhurbinsky, David"]
[Black "Beerdsen, Thomas"]
[WhiteFideId "2072904"]
[BlackFideId "1030108"]
[WhiteElo "2553"]
[BlackElo "2585"]
[Result "0-1"]
[Round "03"]
[TimeControl "180+1"]
[Date "2022.03.08"]
[WhiteClock "0:00:04"]
[BlackClock "0:00:33"]

1. e4 e5 2. Nf3 Nc6 3. Bb5 f5 4. d3 fxe4 5. dxe4 Nf6 6. Nc3 Bb4 7. Bg5 Bxc3+ 8. bxc3 O-O 9. O-O d6 10. h3 Kh8 11. Nd2 Qe8 12. f4 exf4 13. Bxf4 Qg6 14. Kh2 Bd7 15. Bd3 Ne5 16. Bxe5 dxe5 17. Nf3 Nh5 18. Qe1 Rae8 19. Rb1 b6 20. Qh4 Nf4 21. Qg3 Qh6 22. Ng5 Rf6 23. Bc4 Ref8 24. Rbd1 Rg6 25. Rxd7 Rxg5 26. Qf3 Qh4 27. Rf2 h6 28. Rf7 Rxf7 29. Bxf7 Kh7 30. Bb3 Rg6 31. Ba4 Rf6 32. Bd7 g6 33. g3 Qg5 34. gxf4 Rxf4 35. Qg3 Qf6 36. Rxf4 exf4 37. Qf2 c5 38. Bc6 Qxc6 39. Qxf4 Qd7 40. e5 Qe6 41. Qf8 Qxe5+ 42. Kg2 Qg7 43. Qf3 Qg8 44. Qb7+ Qg7 45. Qf3 Qd7 46. h4 g5 47. h5 Kg7 48. Qe4 Qd6 49. Qb7+ Kf6 50. Qf3+ Qf4 51. Qc6+ Kf5 52. Qg6+ Ke5 53. Qg7+ Ke4 54. Qb7+ Ke3 0-1


[Site "https://www.chess.com"]

[Event "Titled Tuesday Blitz March 08 Late 2022"]
[White "Adewumi, Tanitoluwa"]
[Black "Szpar, Milosz"]
[WhiteFideId "30966396"]
[BlackFideId "1184989"]
[WhiteElo "2539"]
[BlackElo "2447"]
[Result "1-0"]
[Round "04"]
[TimeControl "180+1"]
[Date "2022.03.08"]
[WhiteClock "0:00:14"]
[BlackClock "0:00:08"]

1. Nf3 c5 2. b3 d5 3. e4 dxe4 4. Ne5 Nd7 5. Bb2 Ngf6 6. Nc4 e6 7. Nc3 a6 8. a4 b6 9. g3 Bb7 10. Bg2 Ra7 11. O-O Be7 12. Re1 Qa8 13. a5 b5 14. Nb6 Qd8 15. Nxd7 Qxd7 16. Nxe4 Bxe4 17. Bxe4 O-O 18. d3 Rd8 19. Qf3 Rc7 20. Be5 Ra7 21. Rad1 Nd5 22. c4 Nf6 23. Bxf6 Bxf6 24. Qh5 Bd4 25. Qxh7+ Kf8 26. Qh8+ Ke7 27. Qh4+ Bf6 28. Qf4 Qd4 29. Kg2 Rad7 30. Qf3 b4 31. Re3 Qb2 32. Rde1 Rd4 33. Bd5 Rd6 34. Qf5 g6 35. Rxe6+ fxe6 36. Rxe6+ Rxe6 37. Qxe6+ Kd8 38. Qxf6+ Kd7 39. Qe6+ Kd8 40. Qd6+ Ke8 41. Qc6+ Kf8 42. Qf6+ 1-0


[Site "https://www.chess.com"]

[Event "Titled Tuesday Blitz March 08 Late 2022"]
[White "Al-Tarboush, Ward"]
[Black "Maghsoodloo, Parham"]
[WhiteFideId "7601450"]
[BlackFideId "12539929"]
[WhiteElo "2276"]
[BlackElo "2630"]
[Result "0-1"]
[Round "04"]
[TimeControl "180+1"]
[Date "2022.03.08"]
[WhiteClock "0:00:57"]
[BlackClock "0:01:40"]

1. e4 c5 2. Nf3 e6 3. d4 cxd4 4. Nxd4 a6 5. Bd3 Qc7 6. O-O Bc5 7. c3 Nf6 8. b4 Ba7 9. Bg5 h5 10. a4 Nc6 11. Nxc6 dxc6 12. Nd2 Ng4 13. Nf3 f6 14. Bh4 e5 15. h3 Nh6 16. Bc4 Nf7 17. Bg3 g5 18. Qb3 h4 19. Bh2 g4 20. hxg4 Bxg4 21. Rad1 h3 22. Bxf7+ Qxf7 23. Qxf7+ Kxf7 24. Rd3 Rag8 25. Bg3 Be6 26. Nd2 hxg2 27. Rd1 Rh1+ 28. Kxg2 Rxd1 0-1


[Site "https://www.chess.com"]

[Event "Titled Tuesday Blitz March 08 Late 2022"]
[White "Antonio, Jorge Carlos"]
[Black "Yeshchenko, Uliana"]
[WhiteFideId "113190"]
[BlackFideId "14187272"]
[WhiteElo "2247"]
[BlackElo "1881"]
[Result "1-0"]
[Round "04"]
[TimeControl "180+1"]
[Date "2022.03.09"]
[WhiteClock "0:01:00"]
[BlackClock "0:01:13"]

1. e4 c5 2. c3 d5 3. exd5 Qxd5 4. d4 Nf6 5. Nf3 Nc6 6. Be3 Bg4 7. dxc5 Qxd1+ 8. Kxd1 e5 9. Kc1 a5 10. Bb5 Bxf3 11. gxf3 Nd7 12. b4 axb4 13. Bxc6 bxc6 14. cxb4 f5 15. a3 Nf6 16. Kc2 Nd5 17. Nc3 Kd7 18. Rhd1 Ke6 19. Nxd5 cxd5 20. Kb3 d4 21. Bd2 Be7 22. Re1 Kd5 23. a4 Rhb8 24. c6 Bd6 25. b5 Rb6 26. Bb4 Rc8 27. Bxd6 Kxd6 28. Rac1 Ra8 29. Kb4 Rab8 30. c7 Rc8 31. a5 Rb7 32. b6 d3 33. Red1 e4 34. fxe4 fxe4 35. Kb5 1-0


[Site "https://www.chess.com"]

[Event "Titled Tuesday Blitz March 08 Late 2022"]
[White "Arnold, Ken"]
[Black "Petrovic, Aleksa"]
[WhiteFideId "2056836"]
[BlackFideId "967629"]
[WhiteElo "2304"]
[BlackElo "2497"]
[Result "0-1"]
[Round "04"]
[TimeControl "180+1"]
[Date "2022.03.09"]
[WhiteClock "0:00:22"]
[BlackClock "0:00:10"]

1. d4 g6 2. c4 Bg7 3. Nf3 d6 4. Nc3 Nf6 5. Bf4 O-O 6. e3 Nc6 7. h3 Nd7 8. Bh2 e5 9. dxe5 dxe5 10. Be2 h6 11. O-O Kh7 12. a3 f5 13. Rc1 Rf6 14. Nd5 Rd6 15. c5 Re6 16. Qc2 e4 17. Nxc7 exf3 18. Bxf3 Nde5 19. Nxa8 Nxf3+ 20. gxf3 Qg5+ 21. Kh1 Qh5 22. Qd1 Qxh3 23. Rg1 f4 24. Qf1 Qh5 25. Nc7 Rf6 26. Nd5 Qxd5 27. e4 Qh5 28. Qg2 Bh3 0-1


[Site "https://www.chess.com"]

[Event "Titled Tuesday Blitz March 08 Late 2022"]
[White "Avazkhonov, Alikhon"]
[Black "Martin Duque, Jesus"]
[WhiteFideId "14208504"]
[BlackFideId "2208954"]
[WhiteElo "2381"]
[BlackElo "2542"]
[Result "0-1"]
[Round "04"]
[TimeControl "180+1"]
[Date "2022.03.09"]
[WhiteClock "0:00:03"]
[BlackClock "0:01:00"]

1. f4 d5 2. Nf3 g6 3. g3 Bg7 4. Bg2 c5 5. O-O Nf6 6. d3 O-O 7. Qe1 Nc6 8. e4 dxe4 9. dxe4 e5 10. Nc3 exf4 11. Bxf4 Nh5 12. Rd1 Nd4 13. Nxd4 cxd4 14. Nd5 Bg4 15. Rd3 Nxf4 16. gxf4 Rc8 17. Qd2 Be6 18. c3 Bxd5 19. exd5 dxc3 20. bxc3 Qa5 21. Rc1 Rfd8 22. c4 Qb6+ 23. Qf2 Rc5 24. Rb3 Qa5 25. Bf1 Rc7 26. c5 Rxd5 27. Bg2 Rdxc5 28. Rxc5 Rxc5 29. Rxb7 Rc1+ 30. Bf1 Qa6 31. Rxa7 Rxf1+ 32. Qxf1 Qxa7+ 33. Kg2 Qxa2+ 34. Kh3 Qe6+ 35. Kg3 h5 36. h4 Qg4+ 0-1


[Site "https://www.chess.com"]

[Event "Titled Tuesday Blitz March 08 Late 2022"]
[White "Babazada, Khazar"]
[Black "Caruana, Fabiano"]
[WhiteFideId "13413554"]
[BlackFideId "2020009"]
[WhiteElo "2418"]
[BlackElo "2744"]
[Result "0-1"]
[Round "04"]
[TimeControl "180+1"]
[Date "2022.03.08"]
[WhiteClock "0:00:14"]
[BlackClock "0:00:22"]

1. e4 e5 2. Nf3 Nc6 3. Bb5 a6 4. Bxc6 dxc6 5. O-O Qf6 6. d3 Ne7 7. Bg5 Qd6 8. Nbd2 Ng6 9. Be3 Be7 10. a3 O-O 11. b4 b6 12. h3 Be6 13. g4 a5 14. Rb1 axb4 15. axb4 Ra2 16. Ng5 Bxg5 17. Bxg5 Rfa8 18. Nf3 h6 19. Be3 R8a4 20. Qd2 Qe7 21. Qc3 Bd7 22. Rfd1 R4a3 23. Qd2 Be6 24. d4 Nh4 25. Nxe5 f6 26. Nxc6 Qe8 27. Qe2 Bf7 28. d5 Qxe4 29. Rd4 Nf3+ 0-1


[Site "https://www.chess.com"]

[Event "Titled Tuesday Blitz March 08 Late 2022"]
[White "Bellissimo, Joseph F."]
[Black "Vakhlamov, Igor L."]
[WhiteFideId "2609843"]
[BlackFideId "24126748"]
[WhiteElo "2061"]
[BlackElo "2401"]
[Result "1/2-1/2"]
[Round "04"]
[TimeControl "180+1"]
[Date "2022.03.08"]
[WhiteClock "0:00:20"]
[BlackClock "0:01:15"]

1. e4 c5 2. Nf3 Nc6 3. c3 Nf6 4. e5 Nd5 5. d4 cxd4 6. cxd4 d6 7. Bc4 Nb6 8. Bb5 dxe5 9. Nxe5 Bd7 10. Nxd7 Qxd7 11. Nc3 e6 12. O-O Be7 13. Be3 O-O 14. Qh5 Rfd8 15. Rad1 Nd5 16. Ne4 Bf8 17. Ng5 h6 18. Nf3 Nf6 19. Qh4 Qd5 20. Bxc6 bxc6 21. Bxh6 Qxa2 22. Bg5 Be7 23. Rd3 c5 24. Rfd1 Qxb2 25. Ne5 Rxd4 26. Rxd4 cxd4 27. Nc6 Qb7 28. Nxe7+ Qxe7 29. Rxd4 Rd8 30. h3 Rxd4 31. Qxd4 e5 32. Qa4 Qd7 33. Qa5 Nd5 34. Bd2 f6 35. Kh2 Kf7 36. g3 Nb6 37. Be3 Nc8 38. Qa2+ Qe6 39. Qa5 a6 40. Qc7+ Kg6 41. h4 Ne7 42. Qc2+ Kf7 43. Qc7 Kg8 44. Qd8+ Kh7 45. Qe8 Qd6 46. Qh5+ Kg8 47. Qe8+ Kh7 48. Qh5+ Kg8 49. Qe8+ Kh7 1/2-1/2


[Site "https://www.chess.com"]

[Event "Titled Tuesday Blitz March 08 Late 2022"]
[White "Bluebaum, Matthias"]
[Black "Martinez Reyes, Pedro Ramon"]
[WhiteFideId "24651516"]
[BlackFideId "3901807"]
[WhiteElo "2833"]
[BlackElo "2447"]
[Result "1-0"]
[Round "04"]
[TimeControl "180+1"]
[Date "2022.03.09"]
[WhiteClock "0:00:19"]
[BlackClock "0:00:03"]

1. b3 Nf6 2. Bb2 g6 3. Nf3 Bg7 4. g3 O-O 5. Bg2 b6 6. O-O Bb7 7. c4 c5 8. d4 cxd4 9. Qxd4 Na6 10. Rd1 d6 11. Ne1 Qc7 12. Nc3 Bxg2 13. Nxg2 Nb4 14. Rac1 Qb7 15. Qd2 a6 16. Nf4 Rfc8 17. a3 Nc6 18. Ncd5 Nxd5 19. Nxd5 Bxb2 20. Qxb2 Na5 21. Rd3 Ra7 22. Re3 Nc6 23. h4 h5 24. Rd1 Rb8 25. b4 b5 26. c5 dxc5 27. bxc5 Qc8 28. Red3 Qf5 29. Nb4 Ne5 30. Rd8+ Rxd8 31. Rxd8+ Kh7 32. c6 Qf6 33. Kg2 a5 34. Nd5 Qf5 35. c7 Rxc7 36. Nxc7 Qe4+ 37. f3 Qe3 38. Nd5 1-0


[Site "https://www.chess.com"]

[Event "Titled Tuesday Blitz March 08 Late 2022"]
[White "Bortnyk, Olexandr"]
[Black "Beerdsen, Thomas"]
[WhiteFideId "14120828"]
[BlackFideId "1030108"]
[WhiteElo "2723"]
[BlackElo "2585"]
[Result "1/2-1/2"]
[Round "04"]
[TimeControl "180+1"]
[Date "2022.03.08"]
[WhiteClock "0:00:17"]
[BlackClock "0:00:21"]

1. e4 e5 2. Nf3 Nc6 3. Bb5 f5 4. d3 fxe4 5. dxe4 Nf6 6. Nc3 Bb4 7. Qd3 d6 8. O-O Bxc3 9. Qxc3 O-O 10. Bxc6 bxc6 11. Qxc6 Rb8 12. Re1 Rb4 13. Nd2 Ng4 14. Nf3 Bb7 15. Qc3 Rxe4 16. Bg5 Qa8 17. Bh4 Ref4 18. Bg3 R4f7 19. Nh4 Nxf2 20. Rf1 Ne4 21. Qe3 a5 22. Rxf7 Rxf7 23. Rf1 Rxf1+ 24. Kxf1 Qa6+ 25. Ke1 Nf6 26. Nf5 Bxg2 27. Qb3+ Kf8 28. Qb8+ Ne8 29. Nxg7 Qf1+ 30. Kd2 Kxg7 31. Qxe8 Qf7 32. Qxf7+ Kxf7 33. Ke3 Ke6 34. a4 c5 35. Be1 d5 36. Bxa5 d4+ 37. Kf2 Bc6 38. Bb6 Kd5 39. a5 e4 40. b3 e3+ 41. Ke1 Bb5 42. h4 h5 43. Ba7 Ba6 44. Bb6 Bc8 45. Ba7 Kc6 46. b4 cxb4 47. Bxd4 Bf5 48. a6 Bxc2 49. Bxe3 b3 50. Kd2 Bf5 51. a7 Kb7 52. Kc3 Bg4 53. Kxb3 Bf3 54. Kc3 Bg4 55. Bd4 Bf3 56. Kd2 Bg4 57. Ke3 Ka8 58. Kf4 Kb7 59. Kg5 Ka8 60. Bf2 Kb7 61. Bg1 Ka8 62. Kf4 Kb7 63. Ke5 Ka8 64. Kf6 Kb7 65. Ke7 Ka8 66. Ke8 Kb7 67. Kd8 Ka8 68. Kc7 Bh3 69. Bf2 Bg4 70. Kb6 Bd1 71. Bg1 Bg4 72. Bf2 Bd1 73. Bg1 Bg4 74. Bf2 1/2-1/2


[Site "https://www.chess.com"]